 Dungeon Crawl Stone Soup version 0.31-a0-1154-gadca813884 (webtiles) character file.

Game seed: 17116573844563343541

1381959 Ge0ff the Pacifist (level 27, 222/222 HPs)
             Began as a Kobold Fire Elementalist on Dec 7, 2023.
             Was an Elder of Elyvilon.
             Escaped with the Orb
             ... and 3 runes on Dec 8, 2023!
             The game lasted 03:32:10 (108981 turns).

Ge0ff the Pacifist (Kobold Fire Elementalist)     Turns: 108981, Time: 03:32:10

Health: 222/222    AC: 20    Str:  4    XL:     27
Magic:  80/80      EV: 26    Int: 41    God:    Elyvilon [****..]
Gold:   205        SH:  0    Dex: 21    Spells: 11/60 levels left

rFire   + + +        a - staff of conjuration
rCold   + + .        (shield currently unavailable)
rNeg    + . .        M - +3 troll leather armour {Snorg}
rPois   +            Q - +3 hat of the Wereyak {rF+ rC+}
rElec   .            x - +2 cloak {rC+}
rCorr   .            r - +1 pair of gloves "Udeagg" {Int+3}
SInv    .            A - +2 pair of boots "Coiruh" {rPois MP+9 Str-3 Int+6}
Will    +++..        (no amulet)
Stlth   +++          t - ring "Qast" {Drain rPois rF++ rN+ Int+2, =R}
HPRegen 1.37/turn    w - ring of Immorality {MP+9 Int+3}
MPRegen 0.47/turn

%: no passive effects
@: divinely vigorous, hasted, very quick
A: small, no large weapons, nightstalker 3, agile 1, clever 1, strong-willed 1,
inability to read after injury 1
0: Orb of Zot
}: 3/15 runes: serpentine, barnacled, silver
a: Renounce Religion, Purification, Heal Other, Heal Self


You escaped.
You worshipped Elyvilon.
Elyvilon was greatly pleased with you.
You visited 11 branches of the dungeon, and saw 49 of its levels.
You also visited: Trove, Ossuary, Ice Cave and Wizlab.

You collected 9828 gold pieces.
You spent 9623 gold pieces at shops.

Inventory:

Hand Weapons
 h - a +9 rapier of venom
Missiles
 g - 6 throwing nets {=F}
 v - 21 curare-tipped darts {=F}
Armour
 r - the +1 pair of gloves "Udeagg" (worn) {Int+3}
   (You found it on level 4 of the Dungeon)

   Int+3:     It affects your intelligence (+3).
 x - a +2 cloak of cold resistance (worn)
 A - the +2 pair of boots "Coiruh" (worn) {rPois MP+9 Str-3 Int+6}
   (You bought it in a shop on level 2 of the Orcish Mines)

   Str-3:     It affects your strength (-3).
   Int+6:     It affects your intelligence (+6).
   rPois:     It protects you from poison MP+9: It affects your magic capacity
   (+9).
 M - a +3 troll leather armour (worn) {Snorg}
 Q - the +3 hat of the Wereyak (worn) {rF+ rC+}
   (You found it on level 5 of the Lair of Beasts)

   rF+:       It protects you from fire.
   rC+:       It protects you from cold.
Magical Staves
 a - a staff of conjuration (weapon)
Jewellery
 b - the ring "Jimax" {rC+ MP+9 Str+3 Dex+2}
   (You found it in a treasure trove)

   [ring of protection from cold]

   Str+3:     It affects your strength (+3).
   Dex+2:     It affects your dexterity (+2).
   rC+:       It protects you from cold.
   MP+9:      It affects your magic capacity (+9).
 e - an amulet of regeneration
 i - the amulet of Beogh's Brutal Revenge {RegenMP Int+6}
   (You found it on level 4 of the Vaults)

   [amulet of magic regeneration]

   RegenMP:   It increases your rate of magic regeneration.
   Int+6:     It affects your intelligence (+6).
 t - the ring "Qast" (left hand) {Drain rPois rF++ rN+ Int+2, =R}
   (You took it off a deep elf archer on level 3 of the Elven Halls)

   [ring of positive energy]

   Int+2:     It affects your intelligence (+2).
   rF++:      It greatly protects you from fire.
   rPois:     It protects you from poison rN+: It protects you from negative
   energy.
   Drain:     It drains your maximum health when unequipped.
 w - the ring of Immorality (right hand) {MP+9 Int+3}
   (You bought it in a shop on level 1 of the Snake Pit)

   [ring of magical power]

   Int+3:     It affects your intelligence (+3).
   MP+9:      It affects your magic capacity (+9).
 D - the ring "Withreeh" {rPois rCorr SInv}
   (You took it off a vault guard on level 5 of the Vaults)

   [ring of see invisible]

   rPois:     It protects you from poison SInv: It lets you see invisible.
   rCorr:     It protects you from acid and corrosion.
 G - the amulet "Ilothr Ytopt" {Acrobat Fly rElec rF+ Will+}
   (You found it in a treasure trove)

   [amulet of the acrobat]

   Acrobat:   It increases your evasion while moving and waiting.
   rF+:       It protects you from fire.
   rElec:     It insulates you from electricity.
   Will+:     It increases your willpower.
   Fly:       It grants you flight.
 P - an amulet of faith
 Y - a +5 ring of evasion
Wands
 d - a wand of digging (5)
 f - a wand of flame (62)
 j - a wand of light (31)
 k - a wand of iceblast (28)
 p - a wand of paralysis (28)
 s - a wand of mindburst (9)
Scrolls
 m - 4 scrolls of revelation
 y - 9 scrolls of immolation
 B - 11 scrolls of blinking
 C - 6 scrolls of poison
 E - 6 scrolls of fear
 F - 3 scrolls of fog
 J - 5 scrolls of silence {!r}
 S - 2 scrolls of butterflies
 T - 23 scrolls of teleportation
 V - 14 scrolls of vulnerability
Potions
 q - 19 potions of curing
 u - 7 potions of mutation {!q}
 z - 7 potions of brilliance
 H - 6 potions of haste {!q}
 I - 6 potions of invisibility
 K - 10 potions of magic {!q}
 L - 9 potions of lignification
 N - 3 potions of cancellation {!q}
 R - 8 potions of resistance
 W - 11 potions of heal wounds {!q}
 X - 5 potions of enlightenment
 Z - 4 potions of berserk rage {!q}
Miscellaneous
 c - a condenser vane (inert)
 l - a lightning rod (4/4)
 n - a phial of floods
 O - a box of beasts
 U - a phantom mirror


   Skills:
 - Level 17.0 Fighting
 - Level 3.0 Short Blades
 - Level 6.0 Throwing
 + Level 12.1 Armour
 - Level 17.0 Dodging
 - Level 17.0 Stealth
 - Level 17.0 Spellcasting
 - Level 17.0 Conjurations
 - Level 14.0 Summonings
 - Level 7.0 Translocations
 - Level 10.0 Transmutations
 - Level 7.0 Fire Magic
 - Level 7.0 Ice Magic
 - Level 7.0 Air Magic
 - Level 17.0 Earth Magic
 - Level 17.1 Invocations
 - Level 15.0 Evocations


You had 11 spell levels left.
You knew the following spells:

 Your Spells              Type           Power      Damage    Failure   Level
d - Iskenderun's Mystic   Conj/Tloc      100%       2d19      1%          4
g - Apportation           Tloc           100%       N/A       1%          1
h - Lee's Rapid Deconstr  Erth           54%        3d25*     1%          5
m - Bombard               Conj/Erth      65%        9d11      1%          6
n - Lehudib's Crystal Sp  Conj/Erth      65%        10d15     8%          8
p - Passage of Golubria   Tloc           75%        N/A       1%          4
s - Spellforged Servitor  Conj/Summ      63%        N/A       1%          7
w - Passwall              Tmut/Erth      81%        N/A       0%          2
B - Blink                 Tloc           100%       N/A       1%          2
C - Freezing Cloud        Conj/Ice/Air   54%        6-21      1%          5
E - Irradiate             Conj/Tmut      60%        3d31      1%          5

Your spell library contained the following spells:

 Spells                   Type           Power      Damage    Failure   Level
 Foxfire                  Conj/Fire      100%       2x1d9     0%          1
 Magic Dart               Conj           100%       1d8       0%          1
 Sandblast                Erth           100%       2d20      0%          1
 Shock                    Conj/Air       100%       1d9       0%          1
 Call Imp                 Summ           100%       N/A       0%          2
 Momentum Strike          Conj/Tloc      100%       3d10      0%          2
 Searing Ray              Conj           100%       2d8       0%          2
 Call Canine Familiar     Summ           99%        N/A       0%          3
 Stone Arrow              Conj/Erth      100%       3d13      0%          3
 Brom's Barrelling Bould  Conj/Erth      100%       2d11      0%          4
 Freeze                   Ice            100%       1d10      1%          1
 Kiss of Death            Conj/Necr      100%       2d13      1%          1
 Slow                     Hex            100%       N/A       1%          1
 Cigotuvi's Dreadful Rot  Necr/Pois/Air  100%       N/A       1%          2
 Ensorcelled Hibernation  Hex/Ice        100%       N/A       1%          2
 Jinxbite                 Hex            68%        N/A       1%          2
 Lesser Beckoning         Tloc           100%       N/A       1%          2
 Poisonous Vapours        Pois/Air       100%       N/A       1%          2
 Scorch                   Fire           100%       2d9       1%          2
 Sublimation of Blood     Necr           34%        N/A       1%          2
 Dazzling Flash           Conj/Hex       100%       N/A       1%          3
 Gell's Gravitas          Tloc           75%        N/A       1%          3
 Ignite Poison            Fire/Tmut/Pois 69%        N/A       1%          3
 Inner Flame              Hex/Fire       59%        N/A       1%          3
 Mephitic Cloud           Conj/Pois/Air  100%       N/A       1%          3
 Ozocubu's Armour         Ice            75%        N/A       1%          3
 Summon Guardian Golem    Hex/Summ       75%        N/A       1%          3
 Teleport Other           Tloc           75%        N/A       1%          3
 Volatile Blastmotes      Fire/Tloc      100%       2d18      1%          3
 Airstrike                Air            37%        2d(6-22)  1%          4
 Animate Armour           Summ/Erth      100%       N/A       1%          4
 Flame Wave               Conj/Fire      100%       2d21      1%          4
 Fulminant Prism          Conj/Hex       51%        3d23      1%          4
 Leda's Liquefaction      Hex/Erth       40%        N/A       1%          4
 Manifold Assault         Tloc           75%        N/A       1%          4
 Petrify                  Tmut/Erth      98%        N/A       1%          4
 Vhi's Electric Charge    Tloc/Air       100%       N/A       1%          4
 Arcjolt                  Conj/Air       58%        1d68      1%          5
 Fireball                 Conj/Fire      58%        3d22      1%          5
 Iskenderun's Battlesphe  Conj           100%       2d15      1%          5
 Summon Forest            Summ/Tloc      44%        N/A       1%          5
 Summon Mana Viper        Hex/Summ       75%        N/A       1%          5
 Conjure Ball Lightning   Conj/Air       58%        3x3d21    1%          6
 Starburst                Conj/Fire      58%        6d15      1%          6
 Summon Cactus Giant      Summ           49%        N/A       1%          6
 Orb of Destruction       Conj           65%        9d15      1%          7
 Dimensional Bullseye     Hex/Tloc       29%        N/A       2%          4
 Confusing Touch          Hex            34%        N/A       3%          3
 Sigil of Binding         Hex            34%        N/A       3%          3
 Vampiric Draining        Necr           34%        2d8       3%          3
 Summon Hydra             Summ           49%        N/A       3%          7
 Alistair's Intoxication  Tmut/Pois      44%        N/A       4%          5
 Metabolic Englaciation   Hex/Ice        29%        N/A       8%          5
 Silence                  Hex/Air        29%        N/A       8%          5
 Dispersal                Tloc           37%        N/A       11%         6
 Plasma Beam              Fire/Air       37%        2x1d51    11%         6
 Anguish                  Hex/Necr       17%        N/A       12%         4
 Dispel Undead            Necr           34%        3d15      12%         4
 Olgreb's Toxic Radiance  Pois           34%        N/A       12%         4
 Eringya's Noxious Bog    Tmut/Pois      33%        4d6       24%         6
 Agony                    Necr           34%        N/A       32%         5
 Simulacrum               Ice/Necr       29%        N/A       41%         6
 Shatter                  Erth           54%        3d41*     75%         9
 Disjunction              Tloc           37%        N/A       99%         8
 Ignition                 Fire           37%        3d11      99%         8
 Discord                  Hex            17%        N/A       100%        8
 Chain Lightning          Conj/Air       58%        3d77      100%        9
 Fire Storm               Conj/Fire      58%        8d15      100%        9


Dungeon Overview and Level Annotations

Branches:
Dungeon (15/15)            Temple (1/1) D:5            Lair (5/5) D:8
 Shoals (4/4) Lair:2        Snake (4/4) Lair:2        Slime (0/5) Lair:4
    Orc (2/2) D:12            Elf (3/3) Orc:2        Vaults (5/5) D:13
  Crypt (0/3) Vaults:3     Depths (4/4) D:15           Hell (visited)
    Zot (5/5) Depths:4    Ossuary (visited)           IceCv (visited)
 WizLab (visited)
    Dis: Hell:1         Geh: Hell:1         Coc: Hell:1         Tar: Hell:1

Altars:
Ashenzari
Cheibriados
Dithmenos
Elyvilon
Fedhas
Gozag
Hepliaklqana
Kikubaaqudgha
Makhleb
Nemelex Xobeh
Okawaru
Qazlal
Ru
Sif Muna
Trog
Uskayaw
Vehumet
Wu Jian
Xom
Yredelemnul
Zin
The Shining One
Jiyva

Shops:
D:4 *   D:8 :   D:9 [*?   D:10 *   D:12 (   Orc:1 ?[!(:   Orc:2 :[[(   Elf:2 :
Elf:3 ?!   Shoals:4 **   Snake:1 (:[=   Snake:2 *:   Vaults:4 ?
Vaults:5 *?!!?!!!   Depths:1 !   Depths:2 (   Depths:4 *

Portals:
Hell: Depths:1 Depths:2 Depths:3 Depths:4
Abyss: Shoals:1 Depths:3
Pandemonium: Depths:2
Ziggurat: Depths:4

Annotations:
Depths:3 3 runed translucent doors, Zyku Vof's ghost, veteran MfIE
Zot:3 Grunn
Zot:4 2 transporters, Emorepp's ghost, legendary GnSk


Innate Abilities, Weirdness & Mutations

You are small and have problems with some larger weapons.
You are completely attuned to the shadows.
You are agile. (Dex +4, Str/Int -1)
Your mind is acute. (Int +4, Str/Dex -1)
You are strong-willed. (Will+)
You occasionally lose the ability to read scrolls when taking damage.


Message History

There is a stone staircase leading up here.
You fly upwards.
There is a stone staircase leading down here.
There is a stone staircase leading up here.
You fly upwards.
There is a stone staircase leading down here.
There is an open door here.
A reaper comes into view. It is wielding a +2 scythe of pain.
You feel a surge of power!
The iron shot hits the reaper!!!
The reaper is almost dead.
The blast sends you backwards.
The reaper moves out of view.
You can't see any susceptible monsters within range! (Use Z to cast anyway.)
You feel a surge of power!
The iron shot hits the reaper!!
You kill the reaper!
There is an open door here.
There is an open door here.
There is a stone staircase leading up here.
Magic restored.
You fly upwards.
There is a stone staircase leading down here.
There is a stone staircase leading up here.
You fly upwards.
There is a stone staircase leading down here.
You see here a +0 trident.
There is a stone staircase leading up here.
You fly upwards.
There is a stone staircase leading down here.
There is a stone staircase leading up here.
You fly upwards.
There is a stone staircase leading down here.
There is a staircase leading out of the dungeon here.
You feel yourself speed up.
Use which ability? (? or * to list) Elyvilon grants you divine vigour.
Use which ability? (? or * to list)
You have already been granted divine vigour!
You start removing your amulet.
You continue taking off the amulet "Ilothr Ytopt" {Acrobat Fly rElec rF+ Will+}. x4
You finish taking off the amulet "Ilothr Ytopt" {Acrobat Fly rElec rF+ Will+}.
You float gracefully downwards.
You start putting on your amulet.
You continue putting on your amulet of faith. x5
You finish putting on your amulet of faith.
You feel a surge of divine interest.
P - an amulet of faith (around neck)
You start removing your amulet.
You continue taking off your amulet of faith. x4
You finish taking off your amulet of faith.
Elyvilon seems less interested in you.
You feel less pious.
You have escaped!

#.# #.#....##.#########.##.####
#.# #.#######...[.......##.....
#.#####..........................
#.##.........................####
...#.#####.#####.#####.#####.#
####..###...###...###...###..#
#...#.....#.....#.....#...#
#....#####.......#####....####
#.....###....@....###.....#...
##.....#...........#.....##...
######.....#####.#####.....###...
...# ##.....###...###.....## #.†.
...# ##.....#.....#.....## #...
...# ##.....#####.....## #...
...# ##.....###.....## #... ..†#
##.....#.....## #... ...##
##.........## #...


There were no monsters in sight!

Vanquished Creatures
  2 dread liches (Zot:5)
  3 ancient liches
  2 orbs of fire (Zot:5)
  Mara (Shoals:3)
  Boris (Depths:3)
  2 caustic shrikes (Depths:1)
  5 Killer Klowns (Zot:5)
  Vashnia (Snake:3)
  A curse toe (Zot:5)
  Geryon (Hell)
  6 golden dragons
  The ghost of Ymilidghe the Brawler, an adept TrGl of Elyvilon (Vaults:4)
  3 electric golems
  8 tentacled monstrosities
  2 titans (Vaults:5)
  16 Orb Guardians
  3 liches
  3 deep elf blademasters
  A walking divine tome (Depths:3)
  5 sphinxes
  2 quicksilver dragons
  A walking frostbound tome (Depths:3)
  2 deep elf master archers (Elf:3)
  4 krakens
  9 death cobs
  Polyphemus (Shoals:3)
  2 shadow dragons
  9 tengu reavers
  2 draconian monks
  8 storm dragons
  3 draconian knights
  2 nagarajas (Snake:4)
  2 fire giants
  4 draconian shifters
  6 frost giants
  2 draconian scorchers
  A balrug (D:14)
  8 vault wardens
  8 deep elf sorcerers
  An iron dragon (Depths:4)
  4 deep elf elementalists
  Louise (Shoals:3)
  3 ghost moths
  2 reapers
  2 spriggan defenders (Depths:2)
  An orc warlord (Orc:2)
  A formless jellyfish (Vaults:3)
  2 war gargoyles
  2 demonspawn corrupters (WizLab)
  8 ironbound preservers
  2 draconian annihilators
  A cacodemon (WizLab)
  5 ironbound thunderhulks
  4 green draconians
  9 very ugly things
  9 stone giants
  4 deep elf demonologists (Elf:3)
  4 white draconians
  2 black draconians
  5 yellow draconians
  Azrael (D:14)
  5 dire elephants (Vaults:3)
  2 vampire knights
  3 red draconians
  9 deep elf annihilators
  A spark wasp (Depths:1)
  4 fire dragons
  4 deep elf death magi (Elf:3)
  A blizzard demon (Depths:1)
  Snorg (Lair:4)
  11 ettins
  2 spectral krakens (Shoals:1)
  8 merfolk impalers
  7 merfolk javelineers
  10 yaktaur captains
  8 deep elf high priests
  22 vault guards
  8 ice dragons
  9 great orbs of eyes
  An entropy weaver (Vaults:1)
  3 spriggan air magi
  Harold (D:10)
  6 salamander tyrants
  2 rakshasas
  4 hydras (Lair:5)
  10 centaur warriors
  8 ironbound frosthearts
  7 anacondas
  2 catoblepae
  A peacekeeper (Vaults:3)
  4 ogre magi
  A death knight (Vaults:3)
  3 merfolk avatars
  A merfolk aquamancer (Shoals:4)
  An alligator snapping turtle (Shoals:4)
  6 two-headed ogres
  7 deep troll earth magi
  A satyr (Shoals:3)
  4 tengu warriors
  18 death yaks
  26 dancing weapons
  7 deep troll shamans
  5 hell hogs
  An orc high priest (Orc:2)
  2 vampire magi
  7 occultists
  14 naga warriors
  A satyr (shapeshifter) (Depths:2)
  Urug (Orc:1)
  7 shock serpents
  28 naga sharpshooters
  A thrashing horror (Shoals:1)
  4 sun demons
  2 soul eaters
  A spriggan (Depths:2)
  9 hell knights
  6 spriggan berserkers
  19 deep elf knights
  3 iron trolls (Depths:3)
  4 salamander mystics
  A shadow wraith (Vaults:5)
  5 nameless horrors
  A skeletal warrior (D:15)
  A spriggan druid (WizLab)
  A storm dragon skeleton (Depths:1)
  10 naga ritualists
  Lodul (D:10)
  3 glowing orange brains
  A shadow demon (D:9)
  22 deep trolls
  14 sea snakes
  2 flayed ghosts
  7 arcanists
  31 deep elf zephyrmancers
  7 phantasmal warriors
  A steelbarb worm (shapeshifter) (Depths:1)
  12 deep elf archers
  9 necromancers
  A lindwurm (shapeshifter) (Shoals:1)
  A golden dragon skeleton (Zot:3)
  An orange crystal statue (IceCv)
  15 ironbound convokers
  6 lindwurms
  7 mana vipers
  29 deep elf pyromancers
  11 harpies
  4 orc sorcerers
  7 cyclopes
  19 salamanders
  13 manticores
  20 ugly things
  7 orc knights
  A fire giant skeleton (Depths:1)
  3 fauns (Shoals:3)
  10 moths of wrath
  4 worldbinders (WizLab)
  37 black mambas
  10 elephants
  7 merfolk sirens
  4 water nymphs
  Joseph (Lair:1)
  3 guardian serpents
  A rust devil (Hell)
  15 vault sentinels
  A cane toad (shapeshifter) (D:13)
  6 kobold blastminers (Orc:2)
  19 naga magi
  Maggie (D:10)
  A spectral sea snake (Shoals:1)
  15 cane toads
  A torpor snail (shapeshifter) (Vaults:5)
  A torpor snail (Lair:2)
  2 hellions
  An unseen horror (D:10)
  Psyche (D:11)
  2 rime drakes
  A kobold demonologist (D:13)
  27 yaktaurs
  3 storm dragon simulacra (IceCv)
  5 tengu conjurers
  2 efreet
  An ice devil (D:15)
  5 komodo dragons
  3 golden dragon simulacra (IceCv)
  8 meliai
  17 merfolk
  A red devil (D:9)
  7 trolls
  2 polar bears (Lair:5)
  A merfolk (shapeshifter) (Depths:3)
  5 wind drakes
  2 hornets
  A troll (shapeshifter) (Vaults:5)
  Grinder (D:6)
  2 tarantellas (D:15)
  8 dream sheep
  4 glass eyes
  9 blink frogs (Lair:5)
  5 snapping turtles
  2 air elementals
  10 slime creatures
  A culicivora (Vaults:2)
  14 water elementals
  An ettin skeleton (Depths:1)
  A yak (shapeshifter) (D:15)
  A shadow (D:9)
  A wraith (D:12)
  38 yaks
  7 fire elementals
  9 basilisks
  A hog (Shoals:1)
  9 wyverns
  9 vampire mosquitoes
  4 steam dragons
  3 death yak simulacra (Lair:5)
  15 redbacks
  47 nagas
  2 wargs
  An acid dragon (D:9)
  3 hydra simulacra (Lair:5)
  14 water moccasins
  A hell hound (D:14)
  7 ice beasts
  31 orc warriors
  5 black bears
  A sky beast (D:8)
  3 ettin simulacra (Depths:2)
  6 ice dragon simulacra (IceCv)
  26 ogres
  6 wolves
  2 boggarts (Vaults:1)
  14 centaurs
  3 phantoms
  6 kobold brigands
  14 bullfrogs
  4 gnoll sergeants
  4 scorpions
  3 earth elementals
  4 wights (D:8)
  2 elephant simulacra (Lair:5)
  10 killer bees
  2 lindwurm simulacra (IceCv)
  3 electric eels
  4 hounds
  2 quasits (D:9)
  18 orc priests
  3 gnoll boudas
  15 jellies
  3 hell rats (Lair:3)
  3 iguanas
  3 sleepcaps
  Natasha (thrice) (D:3)
  30 orc wizards
  A mummy (Ossuary)
  33 gnolls
  8 adders
  3 shadow imps
  3 hell rat simulacra (Lair:5)
  4 white imps
  A dart slug (D:4)
  121 orcs
  3 spectral bats (Ossuary)
  4 bat simulacra (Ossuary)
  8 endoplasms
  4 giant cockroaches
  8 goblins
  6 hobgoblins
  3 jackals (D:5)
  21 kobolds
  A quokka (D:4)
  3 training dummies (D:12)
  6 ball pythons
  7 bats
  A frilled lizard (D:2)
  12 gnoll zombies (Ossuary)
  2 goblin simulacra (Ossuary)
  3 goblin zombies (Ossuary)
  4 hobgoblin zombies (Ossuary)
  2 kobold simulacra (Ossuary)
  2 kobold zombies (Ossuary)
  9 orc zombies (Ossuary)
  5 rats (D:1)
  3 rat simulacra (Ossuary)
  5 spectral goblins (Ossuary)
  2 spectral kobolds (Ossuary)
  5 spectral rats (Ossuary)
  9 butterflies (Vaults:4)
  7 tentacles
1860 creatures vanquished.

Vanquished Creatures (collateral kills)
  A dread lich (Vaults:5)
  A Killer Klown (Zot:5)
  Parghit (Depths:3)
  3 golden dragons
  Nikola (Vaults:1)
  3 tentacled monstrosities
  The ghost of Jullin the Slayer, an adept MiBe of Trog (Shoals:1)
  Zenata (Vaults:2)
  2 titans (Vaults:5)
  9 Orb Guardians
  3 sphinxes
  An ancient champion (Vaults:3)
  A quicksilver dragon (Depths:3)
  2 death cobs
  A kraken (Shoals:2)
  Kirke (Shoals:1)
  A storm dragon (Vaults:5)
  5 shadow dragons
  4 tengu reavers
  A draconian monk (Zot:4)
  3 fire giants
  A draconian knight (Depths:4)
  A deep elf sorcerer (Elf:1)
  3 frost giants (Vaults:5)
  13 vault wardens
  A draconian scorcher (Zot:3)
  A caustic shrike zombie (Depths:1)
  An orc warlord (Vaults:1)
  10 very ugly things
  A demonspawn corrupter (WizLab)
  3 ironbound preservers
  A draconian shifter (Zot:4)
  4 ironbound thunderhulks
  A war gargoyle (Vaults:3)
  2 vampire knights (Depths:1)
  A formless jellyfish (Vaults:2)
  2 black draconians
  4 green draconians
  8 stone giants
  2 deep elf demonologists
  2 deep elf annihilators (Vaults:5)
  A white draconian (Zot:3)
  2 red draconians
  2 yellow draconians (Zot:4)
  4 purple draconians
  A spark wasp (shapeshifter) (Vaults:5)
  4 dire elephants
  3 deep elf death magi
  5 ettins
  3 fire dragons
  A deep elf high priest (Depths:4)
  A merfolk impaler (Shoals:4)
  9 yaktaur captains
  An entropy weaver (Vaults:2)
  3 ice dragons
  A great orb of eyes (Vaults:4)
  19 vault guards
  2 ogre magi (Vaults:5)
  A spriggan air mage (Depths:1)
  2 ghost crabs (Shoals:1)
  6 ironbound frosthearts
  A two-headed ogre (Vaults:5)
  3 centaur warriors (Vaults:1)
  A merfolk aquamancer (Shoals:4)
  A boulder beetle (Vaults:2)
  2 deep troll shamans (Depths:3)
  A death yak (Shoals:3)
  3 dancing weapons
  A hell hog (Shoals:1)
  A tengu warrior (Depths:1)
  A spriggan berserker (Depths:3)
  An occultist (WizLab)
  5 deep troll earth magi
  4 hell knights (Depths:4)
  A salamander mystic (Depths:4)
  2 skysharks (Shoals:1)
  17 deep trolls
  3 sea snakes (Shoals:4)
  2 iron trolls
  An anaconda zombie (Hell)
  A flayed ghost (Depths:1)
  A glowing orange brain (Vaults:2)
  8 deep elf archers
  5 ironbound convokers
  2 phantasmal warriors (Vaults:5)
  3 arcanists
  2 necromancers
  3 deep elf zephyrmancers
  A harpy (Shoals:4)
  A lindwurm (Vaults:1)
  2 orc knights
  5 deep elf pyromancers
  13 ugly things
  2 salamanders (Depths:4)
  A faun (shapeshifter) (Vaults:2)
  A worldbinder (WizLab)
  2 manticores (Shoals:4)
  A guardian serpent (WizLab)
  3 storm dragon simulacra (IceCv)
  9 vault sentinels
  A spectral sea snake (Shoals:1)
  A spectral merfolk (Shoals:1)
  21 yaktaurs
  2 golden dragon simulacra (IceCv)
  A shadow dragon simulacrum (Depths:1)
  6 merfolk (Shoals:4)
  A snapping turtle (Shoals:4)
  8 slime creatures
  A snapping turtle (shapeshifter) (Vaults:5)
  7 water elementals (Depths:3)
  A hog (Shoals:1)
  2 redbacks
  A spectral snapping turtle (Shoals:1)
  A boggart (Vaults:1)
  A lindwurm simulacrum (IceCv)
  9 foxfires
  A tentacle (Shoals:3)
361 creatures vanquished.

Vanquished Creatures (others)
  2 yellow draconians (Zot:5)
  A peacekeeper (Vaults:4)
  A nameless horror (Shoals:1)
  3 elephants
  A rime drake (Lair:3)
  A wyvern (D:8)
  3 basilisks
  A human (Shoals:1)
  A black bear (D:8)
  An ogre (Vaults:5)
  1071 foxfires
  26 tentacles
1112 creatures vanquished.

Grand Total: 3333 creatures vanquished

Notes
Turn   | Place    | Note
-------+----------+-------------------------------------------
     0 | D:1      | Ge0ff the Kobold Fire Elementalist began the quest for the
                  | Orb.
     0 | D:1      | Reached XP level 1. HP: 10/10 MP: 3/3
   131 | D:1      | Found a faded altar of an unknown god.
   169 | D:1      | Prayed at the altar of an unknown god.
   169 | D:1      | Became a worshipper of Elyvilon the Healer
   169 | D:1      | Reached * piety under Elyvilon
   255 | D:1      | Reached XP level 2. HP: 11/16 MP: 0/5
   571 | D:1      | Learned a level 2 spell: Scorch
   684 | D:1      | Got the Textbook on Forces
   787 | D:1      | Reached ** piety under Elyvilon
  1002 | D:1      | Reached XP level 3. HP: 20/20 MP: 3/6
  1694 | D:2      | Reached skill level 1 in Fighting
  1876 | D:2      | Reached XP level 4. HP: 25/25 MP: 1/8
  2433 | D:2      | Reached *** piety under Elyvilon
  3291 | D:3      | Noticed Natasha
  3295 | D:3      | Killed Natasha
  3296 | D:3      | Reached XP level 5. HP: 20/29 MP: 0/9
  3711 | D:3      | Noticed Natasha
  3717 | D:3      | Killed Natasha
  3813 | D:3      | Noticed Natasha
  3818 | D:3      | Killed Natasha
  4073 | D:4      | Noticed a black bear
  4079 | D:4      | Killed a black bear
  4080 | D:4      | Reached XP level 6. HP: 33/34 MP: 3/11
  4183 | D:4      | Found a sand-covered staircase.
  4189 | Ossuary  | Entered an ossuary
  5206 | Ossuary  | Reached skill level 1 in Invocations
  5561 | D:4      | Reached XP level 7. HP: 38/38 MP: 8/12
  5714 | D:4      | Found Byoteokk's Serpentskin Sales.
  5775 | D:4      | Bought 3 curare-tipped darts for 46 gold pieces
  5775 | D:4      | Bought 6 curare-tipped darts for 93 gold pieces
  5775 | D:4      | Bought a scroll of poison for 52 gold pieces
  5801 | D:4      | Found an iron altar of Okawaru.
  5802 | D:4      | Identified the +1 pair of gloves "Udeagg" {Int+3}
  5922 | D:4      | Learned a level 5 spell: Irradiate
  6003 | D:4      | Found an opulent altar of Gozag.
  6074 | D:4      | Reached **** piety under Elyvilon
  6697 | D:5      | Entered Level 5 of the Dungeon
  6763 | D:5      | Found a white marble altar of Elyvilon.
  6799 | D:5      | Reached skill level 1 in Transmutations
  6907 | D:5      | Found an ornate altar of the Wu Jian Council.
  7009 | D:5      | Found a staircase to the Ecumenical Temple.
  7019 | Temple   | Entered the Ecumenical Temple
  7106 | D:5      | Reached skill level 5 in Fire Magic
  7163 | D:5      | Reached XP level 8. HP: 33/43 MP: 6/14
  7360 | D:5      | Reached skill level 5 in Conjurations
  7442 | D:5      | Found a broken altar of Ashenzari.
  7509 | D:5      | Reached ***** piety under Elyvilon
  8761 | D:5      | Elyvilon protects you from harm!
  8768 | D:5      | Reached skill level 5 in Spellcasting
  8768 | D:5      | Reached XP level 9. HP: 32/47 MP: 2/16
  9318 | D:6      | Noticed Grinder
  9321 | D:6      | Paralysed by Grinder for 4 turns
  9326 | D:6      | Killed Grinder
  9584 | D:6      | Reached skill level 5 in Transmutations
 10407 | D:6      | Found a shimmering altar of Xom.
 11155 | D:6      | Found a shimmering altar of Xom.
 11636 | D:7      | Found a snail-covered altar of Cheibriados.
 11753 | D:7      | Reached XP level 10. HP: 52/52 MP: 14/17
 11794 | D:7      | Found a bloodstained altar of Trog.
 11938 | D:7      | Found a glowing golden altar of the Shining One.
 12694 | D:7      | Found a burning altar of Makhleb.
 13393 | D:8      | Reached skill level 1 in Evocations
 13753 | D:8      | Noticed an elephant
 13757 | D:8      | Killed an elephant
 13944 | D:8      | Found a staircase to the Lair.
 14548 | D:8      | Found Wazukaf's Book Boutique.
 14746 | D:9      | Noticed a centaur warrior
 14752 | D:9      | Killed a centaur warrior
 14753 | D:9      | Noticed a cyclops
 14956 | D:9      | Found an ancient bone altar of Kikubaaqudgha.
 15117 | D:9      | Reached XP level 11. HP: 56/56 MP: 12/18
 15426 | D:9      | Killed a cyclops
 15427 | D:9      | Reached skill level 1 in Armour
 15427 | D:9      | Reached skill level 5 in Invocations
 15906 | D:9      | Noticed a two-headed ogre
 15911 | D:9      | Killed a two-headed ogre
 15912 | D:9      | Reached skill level 10 in Transmutations
 16233 | D:9      | Found a shimmering blue altar of Sif Muna.
 16389 | D:9      | Found Ydghaar's Magic Scroll Boutique.
 16391 | D:9      | Found Qed Jiol's Assorted Antiques.
 16391 | D:9      | Reached ****** piety under Elyvilon
 16393 | D:9      | Found Molihoqi's Antique Armour Boutique.
 16396 | D:9      | Bought a yellow potion for 19 gold pieces
 16396 | D:9      | Bought a lumpy ruby potion for 19 gold pieces
 16396 | D:9      | Bought a scroll labelled LAVORCH PEACOS for 22 gold pieces
 16396 | D:9      | Bought a scroll of identify for 44 gold pieces
 16855 | D:9      | Learned a level 4 spell: Iskenderun's Mystic Blast
 16894 | D:10     | Entered Level 10 of the Dungeon
 16943 | D:10     | Found a hazy altar of Hepliaklqana.
 16980 | D:10     | Found Nicluyts's General Store.
 16985 | D:10     | Bought a scroll of identify for 30 gold pieces
 16985 | D:10     | Bought a scroll of immolation for 60 gold pieces
 16987 | D:10     | Noticed Maggie
 16997 | D:10     | Killed Maggie
 17295 | D:10     | Noticed Harold
 17307 | D:10     | Killed Harold
 17308 | D:10     | Reached skill level 1 in Translocations
 17485 | D:10     | Noticed a two-headed ogre
 17492 | D:10     | Killed a two-headed ogre
 17493 | D:10     | Reached XP level 12. HP: 38/65 MP: 4/20
 17590 | D:10     | Reached skill level 10 in Conjurations
 18306 | D:10     | Found a sacrificial altar of Ru.
 18341 | D:10     | Noticed Lodul
 18350 | D:10     | Killed Lodul
 18768 | D:9      | Bought 3 scrolls of identify for 72 gold pieces
 18768 | D:9      | Bought a scroll of identify for 24 gold pieces
 19061 | D:11     | Reached skill level 5 in Evocations
 19640 | D:11     | Noticed a boulder beetle
 19644 | D:11     | Pacified a boulder beetle
 19645 | D:11     | Reached skill level 5 in Fighting
 19805 | D:11     | Noticed Psyche
 19810 | D:11     | Killed Psyche
 20174 | D:11     | You fall into a shaft and drop 1 floor!
 21436 | D:12     | Found a staircase to the Orcish Mines.
 21592 | D:12     | Found Wogobut's Firing Range.
 21598 | D:12     | Bought a throwing net for 48 gold pieces
 22156 | Lair:1   | Entered Level 1 of the Lair of Beasts
 22461 | Lair:1   | Noticed Joseph
 22470 | Lair:1   | Killed Joseph
 22471 | Lair:1   | Reached skill level 5 in Translocations
 22662 | Lair:1   | Reached XP level 13. HP: 72/72 MP: 17/23
 22928 | Lair:1   | Reached skill level 1 in Short Blades
 23704 | Lair:2   | Reached skill level 10 in Invocations
 24462 | Lair:2   | Found a staircase to the Shoals.
 24769 | Lair:2   | Found a staircase to the Snake Pit.
 25447 | Lair:3   | Noticed a seven-headed hydra
 25451 | Lair:3   | Pacified a seven-headed hydra
 25891 | Lair:3   | Reached XP level 14. HP: 78/78 MP: 21/27
 26632 | Lair:3   | Reached skill level 10 in Spellcasting
 26687 | Lair:3   | Reached skill level 1 in Throwing
 27273 | Lair:4   | Found a viscous altar of Jiyva.
 27274 | Lair:4   | Found a staircase to the Slime Pits.
 27453 | Lair:4   | Learned a level 5 spell: Freezing Cloud
 27483 | Lair:4   | Reached skill level 1 in Ice Magic
 27483 | Lair:4   | Reached skill level 1 in Air Magic
 27747 | Lair:4   | Learned a level 2 spell: Blink
 27945 | Lair:4   | Noticed Snorg
 27953 | Lair:4   | Killed Snorg
 28401 | Lair:5   | Entered Level 5 of the Lair of Beasts
 29885 | Lair:5   | Reached skill level 5 in Ice Magic
 29885 | Lair:5   | Reached skill level 5 in Air Magic
 30196 | Lair:5   | Reached XP level 15. HP: 86/86 MP: 18/29
 31082 | Lair:5   | Got the Folio of Bringing Forth and Transportation
 31086 | Lair:5   | Identified the +3 hat of the Wereyak {rF+ rC+}
 31908 | Orc:1    | Entered Level 1 of the Orcish Mines
 32506 | Orc:1    | Found Tachorum's Antique Armour Emporium.
 32510 | Orc:1    | Found Hisix's Magic Scroll Boutique.
 32558 | Orc:1    | Found Cywer's Distillery.
 32598 | Orc:1    | Bought a potion of degeneration for 16 gold pieces
 32603 | Orc:1    | Found Heoh's Weapon Emporium.
 32630 | Orc:1    | Found Roerady's Book Emporium.
 32813 | Orc:2    | Entered Level 2 of the Orcish Mines
 33076 | Orc:2    | Noticed Urug
 33299 | Orc:2    | Paralysed by Urug for 2 turns
 33304 | Orc:1    | Killed Urug
 33577 | Orc:2    | Gained mutation: Armour fits poorly on your strangely
                  | shaped body. [a neqoxec]
 33692 | Orc:1    | Lost mutation: Armour fits poorly on your strangely shaped
                  | body. [potion of mutation]
 33692 | Orc:1    | Gained mutation: Your magical capacity is low. (-10% MP)
                  | [potion of mutation]
 33692 | Orc:1    | Gained mutation: You are partially covered in iridescent
                  | scales. (AC +2) [potion of mutation]
 33693 | Orc:1    | Lost mutation: Your magical capacity is low. (-10% MP)
                  | [potion of mutation]
 33693 | Orc:1    | Lost mutation: You are partially covered in iridescent
                  | scales. (AC +2) [potion of mutation]
 33693 | Orc:1    | Gained mutation: You do not regenerate when monsters are
                  | visible. [potion of mutation]
 33693 | Orc:1    | Gained mutation: You are strong-willed. (Will+) [potion of
                  | mutation]
 33693 | Orc:1    | Gained mutation: Armour fits poorly on your strangely
                  | shaped body. [potion of mutation]
 34221 | Orc:2    | Found a staircase to the Elven Halls.
 34519 | Orc:2    | Noticed an orc warlord
 34533 | Orc:2    | Killed an orc warlord
 34772 | Orc:2    | Reached skill level 1 in Earth Magic
 35100 | Orc:2    | Found Heboimog's Antique Armour Emporium.
 35198 | Orc:2    | Bought an embroidered cloak for 210 gold pieces
 35244 | Orc:2    | Found Awenlut's Book Boutique.
 35631 | Orc:2    | Found Viluitz's Antique Weapon Shoppe.
 35631 | Orc:2    | Found Wurag's Antique Armour Emporium.
 35676 | Orc:2    | Bought a pair of scorched boots for 351 gold pieces
 35676 | Orc:2    | Identified the +2 pair of boots "Coiruh" {rPois MP+9 Str-3
                  | Int+6} (You bought it in a shop on level 2 of the Orcish
                  | Mines)
 35933 | D:8      | Bought a book of Power for 420 gold pieces
 35940 | D:8      | Learned a level 6 spell: Bombard
 36322 | D:13     | Found a portal to a secret trove of treasure.
 36801 | D:13     | Reached XP level 16. HP: 51/93 MP: 31/31
 37180 | D:13     | Found a gate to the Vaults.
 37195 | D:13     | Reached skill level 5 in Earth Magic
 38106 | D:14     | Noticed Azrael
 38109 | D:14     | Killed Azrael
 38762 | D:15     | Entered Level 15 of the Dungeon
 38995 | D:15     | Found a staircase to the Depths.
 39595 | D:15     | Reached skill level 5 in Dodging
 40665 | Snake:1  | Entered Level 1 of the Snake Pit
 40950 | Snake:1  | Reached skill level 5 in Armour
 40953 | Snake:1  | Reached skill level 10 in Earth Magic
 41256 | Snake:1  | Found Ruemijo's Book Shop.
 41258 | Snake:1  | Reached XP level 17. HP: 100/100 MP: 32/32
 41288 | Snake:1  | Found Dudol's Armour Boutique.
 41479 | Snake:1  | Found a shimmering altar of Xom.
 41586 | Snake:1  | Found Abratouw's Jewellery Emporium.
 41635 | Snake:1  | Bought the ring of Immorality {MP+9 Int+3} for 532 gold
                  | pieces
 41673 | Snake:1  | Learned a level 7 spell: Spellforged Servitor
 41872 | Snake:1  | Reached skill level 1 in Summonings
 42322 | Snake:1  | Reached XP level 18. HP: 88/105 MP: 31/33
 42416 | Snake:1  | Found Lanararph's Antique Weapon Emporium.
 43151 | Snake:2  | Found Qiepp's Book Shoppe.
 43153 | Snake:2  | Found Vikouff's General Store.
 43160 | Snake:2  | Bought a lightning rod (4/4) for 560 gold pieces
 44391 | Snake:2  | Reached skill level 5 in Summonings
 46772 | Snake:3  | Noticed Vashnia
 47489 | Snake:3  | Killed Vashnia
 48443 | Snake:4  | Entered Level 4 of the Snake Pit
 49133 | Snake:4  | Got the Omnibus of the Mesa
 49235 | Snake:4  | Reached XP level 19. HP: 110/110 MP: 17/34
 50107 | Snake:4  | Reached skill level 10 in Summonings
 51779 | Snake:4  | Got a serpentine rune of Zot
 51838 | Snake:4  | Reached skill level 10 in Fighting
 52789 | Snake:1  | Bought a ring of flight for 280 gold pieces
 52892 | Shoals:1 | Entered Level 1 of the Shoals
 53254 | Shoals:1 | Found a one-way gate to the infinite horrors of the Abyss.
 53254 | Shoals:1 | Noticed Jullin's ghost (adept MiBe)
 53358 | Shoals:1 | Found a transporter.
 53363 | Shoals:1 | Found a transporter.
 53567 | Shoals:1 | Noticed Kirke
 53570 | Shoals:1 | Killed Kirke
 54972 | Shoals:2 | Found a frozen archway.
 55014 | IceCv    | Entered an ice cave
 55748 | IceCv    | Noticed a golden dragon
 55754 | IceCv    | Killed a golden dragon
 56018 | IceCv    | Identified the ring "Utunk" {rF+ Int+2}
 56467 | Shoals:2 | Identified the +1 chain mail of the Farmer {Harm rF+++
                  | Will+ Str-5}
 57894 | Shoals:2 | Reached XP level 20. HP: 90/118 MP: 24/35
 59707 | Shoals:3 | Noticed Polyphemus
 60056 | Shoals:3 | Noticed Mara
 60066 | Shoals:3 | Killed Mara
 60182 | Shoals:3 | Killed Polyphemus
 60183 | Shoals:3 | Reached skill level 15 in Conjurations
 60731 | Shoals:3 | Noticed Louise
 60739 | Shoals:3 | Killed Louise
 61857 | Shoals:4 | Entered Level 4 of the Shoals
 62278 | Shoals:4 | Found Zeigiruh's Specific Store.
 62279 | Shoals:4 | Found Pyrph's General Store.
 63867 | Shoals:4 | Identified the +0 robe of Indecent Exposure {-Cast Harm
                  | rElec}
 64982 | Shoals:4 | Got a barnacled rune of Zot
 65561 | Shoals:1 | Identified a scroll of acquirement
 65566 | Shoals:1 | Acquired 397 gold pieces
 65578 | Shoals:1 | Killed Jullin's ghost
 65996 | Elf:1    | Entered Level 1 of the Elven Halls
 66109 | Elf:1    | Reached XP level 21. HP: 126/126 MP: 37/37
 66142 | Orc:2    | Learned a level 8 spell: Lehudib's Crystal Spear
 66289 | Orc:2    | Learned a level 1 spell: Apportation
 68066 | Elf:1    | Got Viph's Compendium of the Volley
 69421 | Elf:2    | Identified the +1 scale mail "Tyczuid" {rF+ Dex+5 SInv}
 69574 | Elf:2    | Found a runed translucent gate.
 69574 | Elf:2    | Found a runed translucent gate.
 69593 | Elf:2    | Found a runed translucent gate.
 69837 | Elf:2    | Reached XP level 22. HP: 136/136 MP: 38/38
 69891 | Elf:2    | Found Ygeuroeck's Self-Published Books.
 70334 | Elf:2    | Reached skill level 5 in Stealth
 71333 | Elf:3    | Entered Level 3 of the Elven Halls
 71930 | Elf:3    | Reached XP level 23. HP: 141/141 MP: 40/40
 71994 | Elf:3    | Identified the +5 orcbow "Woxtumm" {heavy, Fragile Will+
                  | Dex+4}
 71994 | Elf:3    | Identified the ring "Qast" {Drain rPois rF++ rN+ Int+2}
 71997 | Elf:3    | Identified the +7 glaive "Zoxiunn" {venom, rN+}
 72000 | Elf:3    | Identified the ring of Sif Muna's Reproof {rC+ rCorr
                  | Stlth+}
 72926 | Elf:3    | Identified the +5 dagger of Raubisk {heavy, Int+5}
 73237 | Elf:3    | Got Sif Muna's Atlas of the Cumulonimbus and Firn
 73277 | Elf:3    | Found Qaixiuck's Distillery.
 73282 | Elf:3    | Bought a potion of heal wounds for 85 gold pieces
 73287 | Elf:3    | Found Offaaps's Magic Scroll Shop.
 73293 | Elf:3    | Bought a scroll of acquirement for 936 gold pieces
 73297 | Elf:3    | Acquired 757 gold pieces
 74054 | Elf:3    | Found the +2 pair of slick slippers {slick, slippery, EV+4}
 74088 | Elf:3    | Got Wede Luk's Meditations on Clouds and the Winter
 74425 | Orc:2    | Bought a book of the Earth for 504 gold pieces
 74431 | Orc:2    | Learned a level 5 spell: Lee's Rapid Deconstruction
 74521 | Vaults:1 | Entered Level 1 of the Vaults
 74700 | Vaults:1 | Noticed Nikola
 74705 | Vaults:1 | Killed Nikola
 74797 | Vaults:1 | Reached skill level 5 in Throwing
 76447 | Vaults:1 | Paralysed by a sphinx for 5 turns
 78096 | Vaults:2 | Reached XP level 24. HP: 140/148 MP: 40/40
 79611 | Vaults:2 | Noticed Zenata
 79616 | Vaults:2 | Killed Zenata
 79847 | Vaults:2 | Paralysed by a formless jellyfish for 1 turns
 81339 | Vaults:3 | Found a staircase to the Crypt.
 82923 | Vaults:3 | You fall into a shaft and drop 1 floor!
 83172 | Vaults:4 | Found Qourudgh's Magic Scroll Boutique.
 83177 | Vaults:4 | Bought a scroll of vulnerability for 80 gold pieces
 83177 | Vaults:4 | Bought a scroll of poison for 80 gold pieces
 83177 | Vaults:4 | Bought a scroll of fear for 80 gold pieces
 83177 | Vaults:4 | Bought a scroll of teleportation for 60 gold pieces
 83177 | Vaults:4 | Bought a scroll of teleportation for 60 gold pieces
 83460 | Vaults:4 | Found a huge runed gate.
 83461 | Vaults:4 | Found a huge runed gate.
 83461 | Vaults:4 | Found a huge runed gate.
 83461 | Vaults:4 | Found a huge runed gate.
 83461 | Vaults:4 | Found a huge runed gate.
 83463 | Vaults:4 | Found a huge runed gate.
 83463 | Vaults:4 | Found a huge runed gate.
 83463 | Vaults:4 | Found a huge runed gate.
 83464 | Vaults:4 | Found a huge runed gate.
 83465 | Vaults:4 | Found a huge runed gate.
 83466 | Vaults:4 | Found a huge runed gate.
 83467 | Vaults:4 | Found a huge runed gate.
 83468 | Vaults:4 | Found a huge runed gate.
 83469 | Vaults:4 | Found a huge runed gate.
 83474 | Vaults:4 | Found a huge runed gate.
 83474 | Vaults:4 | Found a huge runed gate.
 83474 | Vaults:4 | Found a huge runed gate.
 83475 | Vaults:4 | Found a huge runed gate.
 83476 | Vaults:4 | Found a huge runed gate.
 83477 | Vaults:4 | Found a huge runed gate.
 83478 | Vaults:4 | Found a huge runed gate.
 83479 | Vaults:4 | Found a huge runed gate.
 83480 | Vaults:4 | Found a huge runed gate.
 83485 | Vaults:4 | Found a huge runed gate.
 83485 | Vaults:4 | Found a huge runed gate.
 83485 | Vaults:4 | Found a huge runed gate.
 83486 | Vaults:4 | Found a huge runed gate.
 83487 | Vaults:4 | Found a huge runed gate.
 83488 | Vaults:4 | Found a huge runed gate.
 83489 | Vaults:4 | Found a huge runed gate.
 83490 | Vaults:4 | Found a huge runed gate.
 83491 | Vaults:4 | Found a huge runed gate.
 83635 | Vaults:4 | Found a runed translucent gate.
 83635 | Vaults:4 | Found a runed translucent gate.
 83635 | Vaults:4 | Found a runed translucent gate.
 83637 | Vaults:4 | Noticed Ymilidghe's ghost (adept TrGl)
 83645 | Vaults:4 | Killed Ymilidghe's ghost
 83742 | Vaults:4 | Identified the amulet of Beogh's Brutal Revenge {RegenMP
                  | Int+6}
 84581 | Vaults:3 | Reached skill level 10 in Stealth
 84763 | Vaults:4 | Reached skill level 15 in Fighting
 84776 | Vaults:4 | Reached XP level 25. HP: 155/155 MP: 41/41
 84979 | Vaults:4 | Found a huge runed gate.
 84979 | Vaults:4 | Found a huge runed gate.
 84980 | Vaults:4 | Found a huge runed gate.
 84981 | Vaults:4 | Found a huge runed gate.
 85002 | Vaults:4 | Identified the +6 spear "Doceq" {freeze, rF+ Int+2 Dex+3}
 85063 | Vaults:4 | Identified the +1 leather armour of the Desert {Dex+5}
 85521 | Vaults:4 | Identified the +0 chain mail "Niuss" {Dex+2}
 85815 | Depths:1 | Entered Level 1 of the Depths
 85995 | Depths:1 | Noticed a caustic shrike
 85999 | Depths:1 | Killed a caustic shrike
 86131 | Depths:1 | Identified the +7 morningstar "Agreuq" {heavy, Int+4 SInv}
 86153 | Depths:1 | Reached skill level 15 in Earth Magic
 86172 | Depths:1 | Identified the ring of Rutaz {Fire rPois}
 86313 | Depths:1 | Noticed a caustic shrike
 86319 | Depths:1 | Killed a caustic shrike
 86711 | Depths:1 | Reached skill level 10 in Dodging
 87074 | Depths:1 | Found Keaf's Distillery.
 87074 | Depths:1 | Found a gateway to Hell.
 87079 | Depths:1 | Bought 2 potions of brilliance for 96 gold pieces
 87079 | Depths:1 | Bought a potion of curing for 36 gold pieces
 87477 | Depths:2 | Reached skill level 10 in Evocations
 87538 | Depths:2 | Found a magical portal.
 87544 | WizLab   | Entered Alistair's Party Mansion
 87831 | WizLab   | Gained mutation: You occasionally lose the ability to read
                  | scrolls when taking damage. [a cacodemon]
 88020 | WizLab   | Acquired 868 gold pieces
 88412 | Depths:2 | Lost mutation: Armour fits poorly on your strangely shaped
                  | body. [potion of mutation]
 88412 | Depths:2 | Lost mutation: You do not regenerate when monsters are
                  | visible. [potion of mutation]
 88412 | Depths:2 | Gained mutation: You sometimes lose the ability to read
                  | scrolls when taking damage. [potion of mutation]
 88412 | Depths:2 | Gained mutation: You have a pair of small horns on your
                  | head. [potion of mutation]
 88465 | Depths:2 | You fall into a shaft and drop 1 floor!
 88641 | Depths:2 | Found a one-way gate leading to the halls of Pandemonium.
 89001 | Depths:2 | Reached XP level 26. HP: 162/162 MP: 41/41
 89611 | Depths:2 | Found Xuocoifi's Weapon Emporium.
 90001 | Depths:2 | Learned a level 4 spell: Passage of Golubria
 90357 | Snake:2  | Bought a book of Geomancy for 588 gold pieces
 90360 | Snake:2  | Learned a level 2 spell: Passwall
 90742 | Depths:3 | Found a runed translucent gate.
 90743 | Depths:3 | Found a runed translucent gate.
 90744 | Depths:3 | Found a runed translucent gate.
 91096 | Depths:3 | Reached skill level 10 in Armour
 91280 | Depths:3 | Noticed Boris
 91423 | Depths:3 | Noticed Parghit
 91427 | Depths:3 | Killed Parghit
 91513 | Depths:3 | Reached skill level 15 in Spellcasting
 91580 | Depths:3 | Killed Boris
 91636 | Depths:3 | Noticed Zyku Vof's ghost (veteran MfIE)
 92036 | Depths:3 | Found a runed translucent door.
 92346 | Depths:3 | Found a runed translucent door.
 92501 | Depths:4 | Entered Level 4 of the Depths
 93398 | Depths:4 | Found a one-way gateway to a ziggurat.
 93618 | Depths:4 | Reached XP level 27. HP: 159/169 MP: 17/42
 93624 | Depths:4 | Found a gate to the Realm of Zot.
 93631 | Depths:4 | Identified the +1 chain mail of the Wild Haggis {Drain rF+
                  | Regen+ Stlth+}
 93990 | Depths:4 | Found Big Baal Hell's Store.
 94645 | Hell     | Entered the Vestibule of Hell
 94647 | Hell     | Noticed Geryon
 94659 | Hell     | Killed Geryon
 95015 | D:13     | You paid a toll of the horn of Geryon to enter a treasure
                  | trove
 95016 | Trove    | Entered a treasure trove
 95031 | Trove    | Identified the amulet "Ilothr Ytopt" {Acrobat Fly rElec rF+
                  | Will+}
 95035 | Trove    | Identified the ring "Puluito" {rF+ Int+3}
 95041 | Trove    | Identified the ring "Coonihocs" {rF+ rC+ rN+ rCorr Slay-6}
 95045 | Trove    | Identified the ring of Juomafui {Will+ rCorr}
 95048 | Trove    | Identified the ring "Nappy" {rF+ Str+2 Slay+3}
 95065 | Trove    | Identified the ring "Jimax" {rC+ MP+9 Str+3 Dex+2}
 95263 | Vaults:5 | Entered Level 5 of the Vaults
 95310 | Vaults:5 | Identified the +3 falchion of the Mashing Madman {holy, rC+
                  | Will+}
 95347 | Vaults:5 | Noticed a dread lich
 95351 | Vaults:5 | Killed a dread lich
 95352 | Vaults:5 | Reached skill level 15 in Invocations
 96006 | Vaults:5 | Identified the amulet "Tanas" {RegenMP rPois Int+5 Dex-5}
 96903 | Vaults:5 | Noticed an ancient lich
 96906 | Vaults:5 | Killed an ancient lich
 97532 | Vaults:5 | Got Sif Muna's Compilation of Momentum and Weather
 97539 | Vaults:5 | Got the Lectures on Oxidation and Obstruction
 97981 | Vaults:5 | Identified the +6 longbow of Imbalance {drain, Fly Str+2}
 98027 | Vaults:5 | Got Zenamuh's Volume of Nival Lava
 98052 | Vaults:5 | Identified the ring "Withreeh" {rPois rCorr SInv}
 98544 | Vaults:5 | Got a silver rune of Zot
 98730 | Vaults:5 | Found Witaez's Distillery.
 98735 | Vaults:5 | Bought a potion of heal wounds for 75 gold pieces
 98735 | Vaults:5 | Bought a potion of curing for 45 gold pieces
 98735 | Vaults:5 | Bought a potion of mutation for 120 gold pieces
 98735 | Vaults:5 | Bought a potion of cancellation for 120 gold pieces
 98735 | Vaults:5 | Bought a potion of resistance for 150 gold pieces
 98735 | Vaults:5 | Bought a potion of haste for 150 gold pieces
 98742 | Vaults:5 | Found Aruron's Magic Scroll Shoppe.
 98742 | Vaults:5 | Found Fyemm's Distillery.
 98747 | Vaults:5 | Bought a scroll of teleportation for 51 gold pieces
 98747 | Vaults:5 | Bought a scroll of fog for 68 gold pieces
 98754 | Vaults:5 | Bought a potion of curing for 42 gold pieces
 98754 | Vaults:5 | Bought a potion of mutation for 112 gold pieces
 98754 | Vaults:5 | Bought a potion of curing for 42 gold pieces
 98754 | Vaults:5 | Bought a potion of brilliance for 56 gold pieces
 98756 | Vaults:5 | Found Vieze's Distillery.
 98761 | Vaults:5 | Bought a potion of curing for 51 gold pieces
 98761 | Vaults:5 | Bought a potion of heal wounds for 85 gold pieces
 98761 | Vaults:5 | Bought a potion of resistance for 170 gold pieces
 98761 | Vaults:5 | Bought a potion of curing for 51 gold pieces
 98761 | Vaults:5 | Bought a potion of curing for 51 gold pieces
 98761 | Vaults:5 | Bought a potion of heal wounds for 85 gold pieces
 98761 | Vaults:5 | Bought a potion of haste for 170 gold pieces
 98761 | Vaults:5 | Bought a potion of mutation for 136 gold pieces
 98975 | Vaults:5 | Found Kobloris's Assorted Antiques.
 98980 | Vaults:5 | Bought a potion of cancellation for 400 gold pieces
 98980 | Vaults:5 | Bought a scroll of teleportation for 150 gold pieces
 98980 | Vaults:5 | Bought a wand of paralysis (3) for 360 gold pieces
 98992 | Vaults:5 | Found Sumybb's Magic Scroll Boutique.
 98997 | Vaults:5 | Bought 3 scrolls of immolation for 240 gold pieces
 98997 | Vaults:5 | Bought a scroll of teleportation for 60 gold pieces
 98997 | Vaults:5 | Bought a scroll of immolation for 80 gold pieces
 98997 | Vaults:5 | Bought a scroll of revelation for 150 gold pieces
 99030 | Vaults:5 | Found Hifool's Distillery.
 99030 | Vaults:5 | Found Kadeviupp's Distillery.
 99034 | Vaults:5 | Bought a potion of brilliance for 44 gold pieces
 99034 | Vaults:5 | Bought 2 potions of mutation for 176 gold pieces
 99041 | Vaults:5 | Bought 2 potions of magic for 224 gold pieces
 99041 | Vaults:5 | Bought a potion of mutation for 112 gold pieces
 99291 | Orc:1    | Bought a scroll of fear for 64 gold pieces
 99291 | Orc:1    | Bought a scroll of blinking for 120 gold pieces
 99517 | Vaults:5 | Bought a potion of heal wounds for 55 gold pieces
 99517 | Vaults:5 | Bought a potion of heal wounds for 55 gold pieces
 99883 | Zot:1    | Entered Level 1 of the Realm of Zot
100259 | Zot:3    | Noticed an ancient lich
100267 | Zot:3    | Killed an ancient lich
102137 | Zot:3    | Noticed Grunn
103788 | Zot:4    | Noticed Emorepp's ghost (legendary GnSk)
103793 | Zot:4    | Found a transporter.
103811 | Zot:4    | Found a transporter.
103971 | Zot:5    | Entered Level 5 of the Realm of Zot
104058 | Zot:5    | Reached skill level 15 in Dodging
105486 | Zot:5    | Noticed a dread lich
105489 | Zot:5    | Killed a dread lich
105577 | Zot:5    | Noticed a Killer Klown
105593 | Zot:5    | Killed a Killer Klown
105689 | Zot:5    | Noticed a dread lich
105880 | Zot:5    | Noticed a Killer Klown
105887 | Zot:5    | Noticed an orb of fire
106017 | Zot:5    | Noticed a Killer Klown
106023 | Zot:5    | Killed a Killer Klown
106024 | Zot:5    | Reached skill level 15 in Stealth
106097 | Zot:5    | Noticed an orb of fire
106167 | Zot:5    | Noticed a Killer Klown
106188 | Zot:5    | Killed a dread lich
106257 | Zot:5    | Noticed a Killer Klown
106371 | Zot:5    | Noticed an orb of fire
106376 | Zot:5    | Killed an orb of fire
106547 | Zot:5    | Killed a Killer Klown
106836 | Zot:5    | Killed a Killer Klown
107202 | Zot:5    | Noticed an ancient lich
107204 | Zot:5    | Killed an ancient lich
107352 | Zot:5    | Gained mutation: You are frail. (-10% HP) [an orb of fire]
107357 | Zot:5    | Killed an orb of fire
107766 | Zot:5    | Killed a Killer Klown
108049 | Zot:5    | Noticed a Killer Klown
108058 | Zot:5    | Killed a Killer Klown
108275 | Zot:5    | Got the Orb of Zot
108418 | Zot:3    | Lost mutation: You are frail. (-10% HP) [potion of
                  | mutation]
108418 | Zot:3    | Lost mutation: You have a pair of small horns on your head.
                  | [potion of mutation]
108418 | Zot:3    | Gained mutation: You occasionally shout uncontrollably at
                  | your foes. [potion of mutation]
108418 | Zot:3    | Gained mutation: You are clumsy. (Dex -2) [potion of
                  | mutation]
108418 | Zot:3    | Gained mutation: Your mind is acute. (Int +4, Str/Dex -1)
                  | [potion of mutation]
108419 | Zot:3    | Lost mutation: You sometimes lose the ability to read
                  | scrolls when taking damage. [potion of mutation]
108419 | Zot:3    | Lost mutation: You occasionally shout uncontrollably at
                  | your foes. [potion of mutation]
108419 | Zot:3    | Lost mutation: You are clumsy. (Dex -2) [potion of
                  | mutation]
108419 | Zot:3    | Gained mutation: You are agile. (Dex +4, Str/Int -1)
                  | [potion of mutation]
108601 | D:15     | Reached skill level 15 in Evocations
108689 | D:11     | Noticed Xedubub the pandemonium lord
108981 | D:$      | Escaped with the Orb!

Illustrated notes

Levels and vault maps discovered:
D:1:      onia_arrival_pyramid, layout_basic,
          shapermc_ecumenical_altar_acropolis, serial_park_tiny_1
D:2:      layout_basic, serial_bayou, serial_bayou_lake_a, serial_bayou_shore_a,
          serial_bayou_pond_a, serial_bayou_ford_a, minmay_quantized
D:3:      layout_basic, uniq_natasha
D:4:      layout_layer_cave, okawaru_trees_2, grunt_gozag_statues,
          mainiacjoe_ossuary_entry_dusty_tomb, grunt_decor_mini_mirrors,
          guppyfry_shop_venom
D:5:      minmay_clustersquares, layout_gridville, lemuel_round_altar,
          mainiacjoe_overflow_paths, evilmike_ruin_ashenzari,
          minmay_temple_entry_waves
D:6:      layout_loops_cross, xom_teletrap_fun, dreamdust_gnoll_farm,
          uniq_grinder
D:7:      layout_layer_cave, mainiacjoe_overflow_boulevard,
          mainiacjoe_overflow_24_doors, tso_oasis_becter,
          lightli_temple_of_fire, hangedman_decor_points
D:8:      layout_basic, david_lair_generic, serial_shops,
          nicolae_inconvenience_store, kennysheep_nub, nicolae_grassy_gnolls
D:9:      layout_long_grid, led_sif_book, nicolae_overflow_hidden_temple,
          serial_demonic, serial_demonic_g, serial_demonic_g, serial_demonic_d,
          serial_demonic_b, serial_demonic_g, serial_demonic_g,
          serial_park_tiny_2, grunt_ministairs_3, nicolae_wooded_promenade,
          kb_rosetta
D:10:     layout_grid_maze, nicolae_overflow_crystal_walls,
          mainiacjoe_overflow_alcove_4, serial_shops, shop,
          serial_bayou_lagoon_a, uniq_harold, uniq_lodul, uniq_maggie
D:11:     layout_layer_cave, serial_ice, serial_ice_m, serial_ice_o,
          serial_ice_f, serial_ice_n, uniq_psyche
D:12:     layout_cave_pools, hiddenorc2_lemuel, nicolae_shop_firing_range
D:13:     layout_small_grid, hangedman_vaults_entry_quadrant_bands,
          nicolae_trove_entry_free_sample
D:14:     layout_basic, uniq_azrael
D:15:     grunt_enter_depths_snipers, layout_rooms, serial_park_square3
          [serial_park_minivault_5x5_7]
Temple:   hellmonk_temple_micro_hex
Lair:1:   layout_gridlike, chequers_serial_rivers_large_b,
          infiniplex_staircase_pool, uniq_joseph
Lair:2:   layout_chaotic_city, elwin_shoals_entry_rocks,
          minmay_snake_entry_six_corridors, grunt_megastairs_1
Lair:3:   layout_loops_ring, special_room [special_room_mythical_zoo]
Lair:4:   layout_loops_ring, minmay_slime_entry_jelly_boxes, grunt_megastairs_4,
          uniq_snorg
Lair:5:   grunt_lair_end_beastmaster, layout_cave_pods,
          minmay_stone_trees_medium, fungi_pond_lemuel,
          eino_small_chamber_without_monster, eino_house_with_fridge
Shoals:1: layout_shoals, gammafunk_ghost_abyssal_escape,
          nicolae_shoals_spectral_cove, uniq_kirke
Shoals:2: layout_shoals, portal_ice_cave_entry_pillars_three
Shoals:3: layout_shoals, nicolae_shoals_stone_sculpture_thing, uniq_polyphemus,
          uniq_louise, uniq_mara
Shoals:4: shoals_end_simple, layout_shoals, nicolae_specific_store
Snake:1:  layout_onion_interference, serial_shops, shop, shop, basic_altar,
          minmay_shoptagon, lemuel_fruit_tree, grunt_megastairs_2
Snake:2:  layout_chambers, minmay_shop_star
Snake:3:  layout_chambers, nicolae_integral_box, uniq_vashnia
Snake:4:  snake_pit, layout_onion, statue_in_the_mist_lemuel, grunt_megastairs_5
Orc:1:    layout_caves, serial_shops, shop, shop, shop, nicolae_shop_waterfront,
          nicolae_shop_back_alley_shop
Orc:2:    grunt_orc_community_town_hall, layout_diamond_mine,
          grunt_orc_community_big_house_1, grunt_orc_community_big_house_2,
          grunt_orc_community_house_1, grunt_orc_community_house_1,
          grunt_orc_community_house_1, grunt_orc_community_house_2,
          grunt_orc_community_house_1, uniq_urug
Elf:1:    eino_elf_arrival_the_gate, layout_onion_city, minmay_elf_annihilation,
          serial_library_regret_index_headful
Elf:2:    elven_hall_of_blades_hangedman_original [nicolae_blade_lattice],
          layout_gridlike, serial_glass, glass_columns_a, glass_columns_a,
          glass_columns_b, glass_columns_a, glass_columns_a, glass_columns_a,
          glass_columns_a, glass_columns_b, glass_columns_a, glass_columns_c,
          glass_columns_c, glass_columns_a, glass_columns_a, glass_columns_a,
          due_unseen_surprise, item_on_display_a, minmay_strange_pillars,
          nicolae_custom_books
Elf:3:    grunt_elf_hall_spiral, layout_gridlike, serial_shops, shop,
          nicolae_shop_trees
Vaults:1: hangedman_vaults_stream, v_misc_10, vaults_dpeg_spiral,
          grunt_vaults_funnel, nicolae_vaults_tetromino_Z_1,
          nicolae_vaults_ninety_degrees, vaults_dpeg_doors, v_misc_28,
          v_rooms_6, nicolae_vaults_house_1,
          nicolae_vaults_trapezoid_lopsided_2, vaults_mumra_chevron_long,
          layout_vaults_maze, uniq_nikola
Vaults:2: nicolae_vaults_mini_display_case, nicolae_vaults_three_branches,
          st_quartered_hall, v_rooms_4, ontoclasm_vaults_chip, v_misc_3,
          nicolae_vaults_closet_pinwheel_6, vaults_room_stairs_pillars,
          vaults_room_door_ring, nicolae_vaults_little_squares_1,
          nicolae_vaults_trapezoid_4, nicolae_vaults_tetromino_Z_1,
          layout_vaults_omnicross, uniq_zenata
Vaults:3: v_misc_11, minmay_crypt_entry_simple_statues,
          nicolae_vaults_ring_of_whatevers, nicolae_vaults_apartment_1,
          ontoclasm_vaults_ring_square, vaults_room_boxed,
          nicolae_vaults_turnstiles, nicolae_vaults_little_squares_3,
          vaults_dpeg_ring, nicolae_vaults_circle_grid_a,
          nicolae_vaults_double_plus_1, nicolae_vaults_diamond_2,
          vaults_standard_mumra_x, vaults_standard_mumra_enter_the_diamond,
          layout_vaults_big_room
Vaults:4: ebering_ghost_rock_garden, not_door_vault_mu, v_misc_24,
          vaults_mumra_minichess, v_misc_10, nicolae_vaults_trapezoid_4,
          nicolae_vaults_surprise_closet_hard, vaults_room_fours,
          nicolae_vaults_little_squares_2, v_misc_2, ontoclasm_vaults_chip,
          nicolae_vaults_double_plus_3, nicolae_vaults_house_3,
          layout_vaults_omnigrid, serial_shops, shop
Vaults:5
Depths:1: minmay_the_grid_square_5x5_3x3 [minmay_the_grid_square_5x5_minivault,
          minmay_the_grid_square_5x5_three, minmay_the_grid_square_5x5_z,
          minmay_the_grid_square_5x5_n,
          minmay_the_grid_square_5x5_megaprize_open,
          minmay_the_grid_square_5x5_fancy_junction,
          minmay_the_grid_square_5x5_two_small,
          minmay_the_grid_square_5x5_slash, minmay_the_grid_square_5x5_dogpile],
          layout_cave_shapes, serial_shops, nicolae_shop_tiny_statue_garden,
          hell_entry, drop_trap, amcnicky_mini_rare_corridor_liquid,
          kennysheep_just_a_vault
Depths:2: hangedman_elemental_death_ray, layout_gridlike, pan_entry,
          serial_shops, nicolae_shop_just_a_little_nook, hangedman_geh_valley,
          mu_enter_wizlab_4, nicolae_fountain_basement,
          infiniplex_staircase_pool_lava
Depths:3: minmay_expanding_circles, layout_basic, abyss_entry_small_statue_room,
          hell_entry, gammafunk_ghost_split, kennysheep_boxes, uniq_boris,
          uniq_parghit
Depths:4: grunt_zot_entry_bicorn, layout_gridlike, enter_ziggurat_b,
          nicolae_hell_entry_big_baal_hell, serial_bayou, serial_bayou_crossing,
          serial_bayou_pond_e, serial_bayou_pond_d, serial_bayou_shore_b,
          st_stairs_5
Hell
Zot:1:    layout_gridlike
Zot:2:    layout_onion_interference
Zot:3:    hangedman_snap_crack_crunch, layout_concentric_octagons,
          nicolae_transmutations_shop, uniq_grunn
Zot:4:    layout_onion_interference, gammafunk_ghost_arena
Zot:5:    layout_twisted_circle

Skill      XL: |  1  2  3  4  5  6  7  8  9 10 11 12 13 14 15 16 17 18 19 20 21 22 23 24 25 26 27 |
---------------+----------------------------------------------------------------------------------+-----
Fighting       | 1 3 5 7 8 9 10 11 13 14 15 16 17 | 17.0
Conjurations   | 2 3 4 5 7 8 9 10 11 12 13 14 15 16 17 | 17.0
Spellcasting   | 3 4 5 7 9 10 11 12 13 14 15 17 | 17.0
Fire Magic     | 4 5 6 7 |  7.0
Invocations    | 1 2 3 4 5 8 10 11 12 14 17 | 17.1
Transmutations | 2 3 6 8 10 | 10.0
Evocations     | 3 4 5 7 9 10 11 15 | 15.0
Armour         | 2 3 4 5 6 7 8 9 10 12 | 12.1
Stealth        | 4 5 8 10 11 12 17 | 17.0
Dodging        | 3 4 5 6 7 9 10 12 17 | 17.0
Translocations | 1 5 7 |  7.0
Short Blades   | 3 |  3.0
Throwing       | 3 4 5 6 |  6.0
Ice Magic      | 5 7 |  7.0
Air Magic      | 5 7 |  7.0
Earth Magic    | 4 10 11 12 13 14 15 16 17 | 17.0
Summonings     | 2 9 12 13 14 | 14.0

Action                     |  1- 3 |  4- 6 |  7- 9 | 10-12 | 13-15 | 16-18 | 19-21 | 22-24 | 25-27 || total
---------------------------+-------+-------+-------+-------+-------+-------+-------+-------+-------++-------
  Melee: Mace              |    13 |       |       |       |       |       |       |       |       ||    13
         Dagger            |     1 |    76 |     6 |   134 |    52 |       |       |       |       ||   269
         Punch             |       |     2 |       |     5 |     3 |       |       |       |       ||    10
         Staff             |       |       |       |       |    68 |    15 |     3 |    16 |    44 ||   146
         Headbutt          |       |       |       |       |       |       |       |       |    10 ||    10
         Rapier            |       |       |       |       |       |       |       |       |     2 ||     2
  Throw: Throwing net      |       |       |       |     1 |       |       |       |     2 |     1 ||     4
         Dart              |       |       |       |     1 |       |       |       |     1 |       ||     2
   Cast: Foxfire           |    28 |   102 |   118 |   161 |   215 |       |       |       |       ||   624
         Scorch            |    13 |    53 |   119 |    85 |    11 |       |       |       |       ||   281
         Irradiate         |       |       |       |    81 |   193 |    58 |    36 |    10 |    58 ||   436
         Freezing Cloud    |       |       |       |       |    33 |    38 |     7 |       |       ||    78
         Iskenderun's Myst |       |       |       |       |    33 |    28 |     1 |       |     3 ||    65
         Bombard           |       |       |       |       |       |   221 |   519 |   438 |   665 ||  1843
         Spellforged Servi |       |       |       |       |       |       |    36 |    62 |   115 ||   213
         Apportation       |       |       |       |       |       |       |       |       |    30 ||    30
         Lee's Rapid Decon |       |       |       |       |       |       |       |       |    19 ||    19
         Lehudib's Crystal |       |       |       |       |       |       |       |       |    72 ||    72
         Passage of Golubr |       |       |       |       |       |       |       |       |     2 ||     2
         Passwall          |       |       |       |       |       |       |       |       |     1 ||     1
 Invoke: Heal Self         |       |       |     1 |       |     3 |     1 |     1 |     3 |     4 ||    13
         Heal Other        |       |       |       |     5 |    20 |       |       |       |     2 ||    27
         Purification      |       |       |       |       |       |       |       |       |     4 ||     4
         Divine Vigour     |       |       |       |       |       |       |       |       |     1 ||     1
  Evoke: Wand              |       |       |     1 |     6 |     7 |    11 |    17 |     1 |    52 ||    95
         Lightning rod     |       |       |       |       |       |     4 |    11 |     7 |    15 ||    37
         Condenser vane    |       |       |       |       |       |       |     1 |     1 |     7 ||     9
         Phantom mirror    |       |       |       |       |       |       |       |     1 |     3 ||     4
         Phial of floods   |       |       |       |       |       |       |       |     1 |     1 ||     2
         Box of beasts     |       |       |       |       |       |       |       |       |     2 ||     2
    Use: Scroll            |       |     6 |       |    13 |    11 |     4 |    14 |     1 |    12 ||    61
         Potion            |       |     1 |       |       |     2 |     4 |     2 |     1 |    27 ||    37
   Stab: Sleeping          |       |     1 |       |    12 |    15 |       |       |       |       ||    28
         Distracted        |       |       |       |     1 |     1 |       |       |       |     1 ||     3
         Paralysed         |       |       |       |       |       |       |       |       |     5 ||     5
 Armour: Robe              |     8 |    49 |    54 |    12 |       |       |       |       |       ||   123
         Steam dragon scal |       |       |       |    82 |    92 |       |       |       |       ||   174
         Troll leather arm |       |       |       |       |   153 |   137 |   144 |   153 |   386 ||   973
  Dodge: Dodged            |    16 |    71 |    81 |   201 |   366 |   144 |   140 |   114 |   351 ||  1484
  Block: Other             |       |       |       |    59 |     9 |       |       |       |       ||    68
         Reflection        |       |       |       |     3 |       |       |       |       |       ||     3

Table legend: (Time is in decaauts)
 A = Elapsed time spent in this place.
 B = Non-inter-level travel time spent in this place.
 C = Inter-level travel time spent in this place.
 D = Time resting spent in this place.
 E = Time spent auto-exploring this place.
 F = Levels seen in this place.
 G = Mean time per level.
                   A        B        C        D        E       F      G
               +--------+--------+--------+--------+--------+-----+--------+
         Total | 109818 | 101667 |   8151 |  14658 |  72979 |  53 | 2072.0 |
       Dungeon |  28600 |  24832 |   3768 |   2450 |  18987 |  15 | 1906.7 |
        Temple |     48 |     48 |      0 |      0 |     47 |   1 |   48.0 |
          Lair |  10443 |   9901 |    542 |    948 |   7508 |   5 | 2088.6 |
        Shoals |  12230 |  11836 |    394 |   1209 |   9688 |   4 | 3057.5 |
     Snake Pit |  11832 |  11366 |    466 |   1043 |   9216 |   4 | 2958.0 |
  Orcish Mines |   4016 |   3631 |    385 |    326 |   2557 |   2 | 2008.0 |
   Elven Halls |   7833 |   7634 |    199 |   1269 |   5549 |   3 | 2611.0 |
        Vaults |  15557 |  14589 |    968 |   2142 |  10529 |   5 | 3111.4 |
        Depths |   8138 |   6908 |   1230 |    701 |   4992 |   4 | 2034.5 |
          Hell |     13 |     13 |      0 |      0 |      0 |   1 |   13.0 |
           Zot |   7648 |   7451 |    197 |   3672 |   2318 |   5 | 1529.6 |
         Trove |     58 |     58 |      0 |      0 |      0 |   1 |   58.0 |
       Ossuary |   1175 |   1175 |      0 |    211 |    629 |   1 | 1175.0 |
      Ice Cave |   1362 |   1362 |      0 |    625 |    442 |   1 | 1362.0 |
        Wizlab |    858 |    858 |      0 |     60 |    515 |   1 |  858.0 |
               +--------+--------+--------+--------+--------+-----+--------+

Top non-repeatable levels by time:
 Snake:4: 4103 daAuts
   Zot:5: 4001 daAuts
Vaults:2: 3879 daAuts
Vaults:5: 3854 daAuts
Shoals:3: 3509 daAuts
Shoals:4: 3201 daAuts
 Snake:3: 3159 daAuts
  Lair:5: 3089 daAuts
Vaults:1: 3065 daAuts
Shoals:1: 2854 daAuts
   Elf:1: 2836 daAuts
     D:9: 2827 daAuts
   Orc:2: 2824 daAuts
   Elf:3: 2812 daAuts
Vaults:3: 2808 daAuts
